 Dungeon Crawl Stone Soup version 0.17-a0-1534-gf98da79 (console) character file.

5969 Monkaria the Protected (level 10, -5/91 HPs)
             Began as a Minotaur Berserker on July 17, 2015.
             Was an Elder of Trog.
             Slain by an unseen horror (6 damage)
             ... on level 10 of the Dungeon.
             The game lasted 00:29:43 (9716 turns).

Monkaria the Protected (Minotaur Berserker)         Turns: 9716, Time: 00:29:43

Health: -5/91      AC: 11    Str: 24    XL:     10   Next: 55%
Magic:  8/8        EV: 11    Int:  8    God:    Trog [****..]
Gold:   464        SH:  0    Dex:  9    Spells: 0 memorised, 9 levels left

rFire  . . .     SeeInvis .     r - +1 spear (distort)
rCold  . . .     Clarity  .     K - +3 ring mail
rNeg   . . .     SustAt   +     (no shield)
rPois  .         Gourm    .     (helmet unavailable)
rElec  .         Spirit   .     G - +0 cloak
rCorr  .         Warding  .     (no gloves)
rMut   .         Stasis   .     (no boots)
MR     ++...                    (no amulet)
Stlth  ..........               a - +4 ring of intelligence
                                n - ring of sustain attributes

@: regenerating, heavily drained, very resistant to hostile enchantments,
extremely unstealthy
A: retaliatory headbutt, horns 3, dopey 1, low mp 1, sense surroundings 2,
robust 1, screaming 1
a: Burn Spellbooks, Berserk, Trog's Hand, Brothers in Arms, Renounce Religion


You were on level 10 of the Dungeon.
You worshipped Trog.
Trog was greatly pleased with you.
You were not hungry.

You visited 3 branches of the dungeon, and saw 12 of its levels.
You also visited: Sewer.

You collected 464 gold pieces.

Inventory:

Hand weapons
 r - a +1 spear of distortion (weapon)
 s - a +0 trident
 w - a +0 blowgun
 I - a +1 battleaxe of electrocution
 J - a +2 spear of venom
 L - a +0 demon blade of flaming
Missiles
 f - 7 needles of sleeping
 p - 102 poisoned needles
 t - 6 curare-tipped needles
 D - 5 tomahawks (quivered)
Armour
 x - the +1 leather armour "Joshraugh" {-Tele rF+ rCorr MP+9}
   (You took it off a kobold on level 4 of the Dungeon)

   It protects you from fire.
   It affects your magic capacity (+9).
   It prevents most forms of teleportation.
   It protects you from acid and corrosion.
 G - a +0 cloak (worn)
 K - a +3 ring mail (worn)
 Q - the +1 leather armour of the Country {Int+2 Dex+4}
   (You found it on level 9 of the Dungeon)

   It affects your intelligence (+2).
   It affects your dexterity (+4).
Jewellery
 a - a +4 ring of intelligence (right hand)
 n - a ring of sustain attributes (left hand)
Magical devices
 b - a wand of slowing (17)
 u - a wand of random effects (12)
 y - a wand of paralysis (14)
 z - a wand of paralysis (16)
 C - a wand of magic darts (19)
 N - a wand of hasting (4)
 O - a wand of magic darts (27)
Scrolls
 g - 2 scrolls of teleportation
 v - 2 scrolls of recharging
 A - 2 scrolls of remove curse
 F - 2 scrolls of silence {unknown}
 H - a scroll of enchant armour {unknown}
 P - 2 scrolls of magic mapping {unknown}
Potions
 d - a potion of might
 h - a potion of curing
 j - a potion of magic
 k - 2 potions of flight
 m - 3 potions of agility
 o - 3 potions of lignification
 q - 3 potions of brilliance
 B - a potion of ambrosia {unknown}
 M - a potion of cancellation {unknown}
 S - a potion of heal wounds {unknown}
Books
 i - a book of Dreams

   Spells                             Type                      Level
   a - Ensorcelled Hibernation        Hexes/Ice                    2
   b - Phase Shift                    Translocation                5
   c - Shadow Creatures               Summoning                    5
   d - Silence                        Hexes/Air                    5
   e - Mass Confusion                 Hexes                        6
   f - Darkness                       Hexes                        7
   Trog disapproves of the use of such an item.
Comestibles
 c - 6 bread rations
 l - 3 meat rations


   Skills:
 - Level 6.0(3.7) Fighting
 - Level 12.0(9.3) Polearms
 - Level 13.1(10.4) Armour
 + Level 4.9(2.7) Dodging


You had 9 spell levels left.
You didn't know any spells.

Dungeon Overview and Level Annotations

Branches:
Dungeon (10/15)            Temple (1/1) D:5            Lair (1/8) D:9
    Orc: D:9-12

Altars:
Ashenzari
Cheibriados
Dithmenos
Elyvilon
Fedhas
Gozag
Kikubaaqudgha
Makhleb
Nemelex Xobeh
Okawaru
Qazlal
Ru
Sif Muna
Trog
Vehumet
Xom
Yredelemnul
Zin
The Shining One

Shops:
D:4 :   D:9 (

Annotations:
D:10 Sonja
Lair:1 Nattefrost's ghost, powerful MiFi


Innate Abilities, Weirdness & Mutations

You reflexively headbutt those who attack you in melee.
You have a pair of large horns on your head.
You are dopey. (Int -2)
Your magical capacity is low (-10% MP).
You passively map the area around you.
You are robust (+10% HP).
You occasionally shout uncontrollably at your foes.


Message History

Unknown command.
Something hits you.
* * * LOW HITPOINT WARNING * * *
Something hits you.
* * * LOW HITPOINT WARNING * * *
Something hits you but does no damage. Something hits you.
* * * LOW HITPOINT WARNING * * *
Something hits you but does no damage. Something hits you but does no damage.
Something hits you!
* * * LOW HITPOINT WARNING * * *
Drink which item? (? for menu, Esc to quit)
Okay, then.
Something hits you.
* * * LOW HITPOINT WARNING * * *
Unknown command.
Something hits you!
* * * LOW HITPOINT WARNING * * *
Something hits you.
You die...

#### * * ####..## ,**
###......# ####.......##
, ##..........## ****
#............# *
#..........#.# ,,
#.......<.@..# , ##
##.........#..# * ..#..*
#.........##..## ,....# *
#.......####...####....#
##......####......#...# *
#.###...#............###
*
#..#....................
*
##....###....##.........,
###### #######.........


There were no monsters in sight!

Vanquished Creatures
  An ugly thing (D:8)
  Joseph (D:7)
  A komodo dragon (D:9)
  2 trolls (D:9)
  Prince Ribbit (D:5)
  Grum (D:8)
  6 wolves (D:8)
  Menkaure (D:5)
  A black bear (D:9)
  Duvessa (D:6)
  An orc warrior (D:7)
  5 ice beasts
  2 sky beasts
  A phantom (D:9)
  An ogre (D:6)
  2 centaurs
  A crocodile (Sewer)
  5 giant frogs
  A wyvern zombie (D:6)
  4 scorpions
  Dowan (D:6)
  2 quasits
  2 electric eels (D:8)
  2 crimson imps
  6 hounds
  A jelly (D:8)
  4 orc wizards
  An iguana (D:7)
  A giant frog skeleton (D:9)
  A gnoll shaman (D:4)
  Jessica (D:2)
  Natasha (thrice) (D:4)
  4 worker ants
  A hound zombie (D:5)
  A worker ant zombie (D:6)
  9 gnolls
  6 adders
  A hound simulacrum (D:8)
  2 shadow imps (D:5)
  4 white imps (D:8)
  An ufetubus (D:8)
  4 oozes
  2 adder skeletons
  An adder simulacrum (D:8)
  3 giant geckos
  28 orcs
  11 goblins
  18 hobgoblins
  18 jackals
  5 quokkas
  11 bats
  A bat simulacrum (D:8)
  7 giant cockroaches
  A giant gecko skeleton (D:4)
  4 giant newts
  14 kobolds
  A quokka skeleton (D:9)
  16 rats
238 creatures vanquished.

Vanquished Creatures (others)
  A polar bear (D:8)
  A hungry ghost (D:7)
  An orc wizard (D:6)
  2 worker ants
  A plant (D:9)
6 creatures vanquished.

Grand Total: 244 creatures vanquished

Notes
Turn   | Place    | Note
--------------------------------------------------------------
     0 | D:1      | Monkaria the Minotaur Berserker began the quest for the Orb.
     0 | D:1      | Reached XP level 1. HP: 19/19 MP: 0/0
    36 | D:1      | Reached skill level 4 in Fighting
    49 | D:1      | Reached XP level 2. HP: 2/27 MP: 1/1
   685 | D:2      | Noticed Jessica
   693 | D:2      | Killed Jessica
   693 | D:2      | Reached skill level 5 in Fighting
   693 | D:2      | Reached XP level 3. HP: 34/36 MP: 2/2
   781 | D:2      | Acquired Trog's second power
   934 | D:2      | Reached XP level 4. HP: 44/44 MP: 3/3
   949 | D:2      | Reached skill level 6 in Fighting
  1029 | D:2      | Found a snail-covered altar of Cheibriados.
  1051 | D:2      | Found a bloodstained altar of Trog.
  1141 | D:2      | Found a shattered altar of Ashenzari.
  1972 | D:3      | Reached skill level 5 in Polearms
  1972 | D:3      | Reached XP level 5. HP: 19/50 MP: 4/4
  2471 | D:3      | Found an opulent altar of Gozag.
  2563 | D:4      | Noticed Natasha
  2570 | D:4      | Killed Natasha
  2574 | D:4      | Reached XP level 6. HP: 28/57 MP: 5/5
  2691 | D:4      | Found a glowing drain.
  2761 | Sewer    | Entered a sewer
  2829 | Sewer    | Reached skill level 7 in Polearms
  3108 | D:4      | Noticed Natasha
  3119 | D:4      | Killed Natasha
  3155 | D:4      | Noticed Natasha
  3159 | D:4      | Killed Natasha
  3187 | D:4      | Got a distressingly furry leather armour
  3204 | D:4      | Identified the +1 leather armour "Joshraugh" {-Tele rF+ rCorr MP+9} (You took it off a kobold on level 4 of the Dungeon)
  3229 | D:4      | Reached skill level 8 in Polearms
  3248 | D:4      | Found Yfanogui's Book Emporium.
  3399 | D:4      | Reached XP level 7. HP: 50/63 MP: 6/6
  3489 | D:5      | Entered Level 5 of the Dungeon
  3670 | D:5      | Reached skill level 9 in Polearms
  3672 | D:5      | Found a staircase to the Ecumenical Temple.
  3673 | D:5      | Acquired Trog's third power
  3690 | Temple   | Entered the Ecumenical Temple
  4148 | D:5      | Reached skill level 10 in Polearms
  4152 | D:5      | Gained mutation: You are robust (+10% HP). [mutagenic meat]
  4153 | D:5      | Gained mutation: You have a somewhat thin skeletal structure (Dex +2, Stealth). [mutagenic meat]
  4154 | D:5      | Lost mutation: You have a somewhat thin skeletal structure (Dex +2, Stealth). [mutagenic meat]
  4155 | D:5      | Gained mutation: You passively map a small area around you. [mutagenic meat]
  4156 | D:5      | Gained mutation: You are dopey. (Int -2) [mutagenic meat]
  4397 | D:5      | Noticed Menkaure
  4402 | D:5      | Killed Menkaure
  4402 | D:5      | Reached XP level 8. HP: 23/77 MP: 7/7
  4404 | D:5      | Gained mutation: You occasionally shout uncontrollably at your foes. [potion of mutation]
  4404 | D:5      | Gained mutation: You tend to lose your temper in combat. [potion of mutation]
  4404 | D:5      | Gained mutation: You passively map the area around you. [potion of mutation]
  4405 | D:5      | Lost mutation: You tend to lose your temper in combat. [potion of mutation]
  4405 | D:5      | Gained mutation: Your magical capacity is low (-10% MP). [potion of mutation]
  4453 | D:5      | Noticed Prince Ribbit
  4475 | D:5      | Killed Prince Ribbit
  4475 | D:5      | Reached skill level 11 in Polearms
  4867 | D:6      | Reached skill level 12 in Polearms
  4931 | D:6      | Noticed Duvessa
  4932 | D:6      | Noticed Dowan
  4939 | D:6      | Killed Dowan
  4942 | D:6      | Killed Duvessa
  5256 | D:7      | Noticed Joseph
  5452 | D:7      | Reached skill level 5 in Armour
  5767 | D:7      | Reached XP level 9. HP: 60/82 MP: 7/7
  6080 | D:7      | Killed Joseph
  6483 | D:8      | Noticed a white ugly thing
  6578 | D:8      | Noticed Grum
  6611 | D:8      | Reached skill level 10 in Armour
  6617 | D:8      | Killed Grum
  6834 | D:8      | Gained mutation: You have a pair of large horns on your head. [mutagenic meat]
  6969 | D:8      | HP: 2/82 [electric eel/bolt of electricity (6)]
  7192 | D:8      | Killed a white ugly thing
  7192 | D:8      | Reached XP level 10. HP: 49/91 MP: 8/8
  8154 | D:8      | Found a sacrificial altar of Ru.
  8213 | D:9      | Found a staircase to the Lair.
  8498 | D:9      | Found Kuuwon's Antique Weapon Boutique.
  8508 | D:9      | Reached skill level 13 in Armour
  8618 | D:9      | Got a pitted leather armour
  8652 | D:9      | Identified the +1 leather armour of the Country {Int+2 Dex+4} (You found it on level 9 of the Dungeon)
  8843 | Lair:1   | Entered Level 1 of the Lair of Beasts
  8863 | Lair:1   | Noticed Nattefrost's ghost (powerful MiFi)
  8889 | D:10     | Entered Level 10 of the Dungeon
  9379 | D:10     | Noticed Sonja
  9716 | D:10     | HP: 1/91 [something (7)]
  9716 | D:10     | Slain by an unseen horror

Vault maps used:
D:1:      ncdulo_halloftheorcs
D:2:      ashenzari_conservatory_becter, overflow_temple_1_default,
          nicolae_overflow_hidden_temple, first_bread, hangedman_decor_growths,
          guppyfry_early_orc_mine, uniq_jessica
D:3:      overflow_temple_1_default
D:4:      serial_shops, kennysheep_little_box, portal_sewer_entry_f,
          uniq_natasha
D:5:      minmay_temple_entry_hall, st_stairs_6, uniq_prince_ribbit1,
          uniq_menkaure
D:6:      minivault_24, hangedman_decor_peaks_small, minmay_misc_feat_x,
          grunt_decor_fettered, uniq_duvessa
D:7:      uniq_joseph
D:8:      nicolae_ru_path_of_blood, serial_ice, serial_ice_h, serial_ice_j,
          serial_ice_e, serial_ice_d, serial_ice_b, serial_ice_o, uniq_grum
D:9:      david_lair_shrubbed, serial_shops, shop
D:10:     serial_shops, shop, uniq_harold, uniq_sonja, uniq_nergalle
Temple:   minmay_temple_curvy_14
Lair:1:   basic_altar, minivault_25
Sewer:    sewer_the_crocodile

Action                   |  1- 3 |  4- 6 |  7- 9 | 10-12 || total
-------------------------+-------+-------+-------+-------++-------
Melee: Spear             |    80 |   268 |   327 |   136 ||   811
Invok: Trog's Hand       |       |     1 |     5 |     4 ||    10
       Berserk           |       |       |     2 |     1 ||     3
       Brothers in Arms  |       |       |       |     1 ||     1
Evoke: Wand              |       |       |       |     1 ||     1
  Use: Scroll            |       |    10 |     2 |     6 ||    18
       Potion            |       |       |     4 |       ||     4
 Stab: Sleeping          |     1 |       |     1 |       ||     2
       Distracted        |       |       |     1 |       ||     1
  Eat: Chunk             |       |     8 |    20 |     5 ||    33
       Beef jerky        |       |       |     1 |       ||     1
       Meat ration       |       |       |       |     1 ||     1
